 Dungeon Crawl Stone Soup version 0.24-a0-274-gb3763e6 (webtiles) character file.

Game seed: 7349631313042165760

50 Hylith the Digger (level 3, 0/21 HPs)
             Began as a Gargoyle Earth Elementalist on Apr 26, 2019.
             Slain by a gnoll
             ... wielding a +0 halberd
              (9 damage)
             ... on level 2 of the Dungeon.
             The game lasted 00:02:30 (1707 turns).

Hylith the Digger (Gargoyle Earth Elementalist)     Turns: 1707, Time: 00:02:30

Health: 0/21       AC:  5    Str: 11    XL:     3   Next: 79%
Magic:  6/6        EV: 12    Int: 16    God:
Gold:   88         SH:  0    Dex: 10    Spells: 5/6 levels left

rFire    . . .     SeeInvis .   e - +0 whip
rCold    . . .     Gourm    .   (no shield)
rNeg     + . .     Faith    .   c - +0 robe
rPois    ∞         Spirit   .   (no helmet)
rElec    +         Reflect  .   (no cloak)
rCorr    .         Harm     .   (no gloves)
MR       .....                  (no boots)
Stlth    ++........             (no amulet)
HPRegen  0.07/turn              f - +2 ring of slaying
MPRegen  0.10/turn              (no ring)

@: no status effects
A: negative energy resistance 1, electricity resistance, unbreathing,
petrification resistance, rot immunity, AC +3
a: no special abilities


You were on level 2 of the Dungeon.
You were hungry.

You visited 1 branch of the dungeon, and saw 2 of its levels.

You collected 88 gold pieces.

Inventory:

Hand Weapons
 e - a +0 whip (weapon)
Missiles
 b - 69 stones (quivered)
Armour
 c - a +0 robe (worn)
Jewellery
 a - an uncursed ring of poison resistance {unknown}
 f - a +2 ring of slaying (left hand)
 n - an uncursed ring of wizardry {unknown}
Scrolls
 h - a scroll of immolation {unknown}
 j - a scroll of fear {unknown}
 l - a scroll of remove curse {unknown}
 m - a scroll of amnesia {unknown}
Potions
 g - a potion of haste {unknown}
 i - a potion of heal wounds {unknown}
 k - a potion of might {unknown}
Comestibles
 d - 3 rations


   Skills:
 * Level 1.7 Fighting
 + Level 1.9 Dodging
 - Level 2.1 Stealth
 + Level 2.4 Spellcasting
   Level 0.7 Transmutations
 * Level 4.3 Earth Magic


You had 5 spell levels left.
You knew the following spells:

 Your Spells              Type           Power        Failure   Level  Hunger
a - Sandblast             Erth           ###...       3%          1    #......

Your spell library contained the following spells:

 Spells                   Type           Power        Failure   Level  Hunger
 Passwall                 Tmut/Erth      ##......     11%         2    ###....
 Stone Arrow              Conj/Erth      #.....       24%         3    ###....
 Petrify                  Tmut/Erth      ##......     56%         4    #####..
 Lee's Rapid Deconstruct  Erth           ###.......   67%         5    ######.


Dungeon Overview and Level Annotations

Branches:
Dungeon (2/15)

Altars:


Innate Abilities, Weirdness & Mutations

You are resistant to torment.
Your stone body is resilient. (AC +3)
You are immune to poison.
You resist negative energy. (rN+)
You are resistant to electric shocks. (rElec)
You can survive without breathing.
You are immune to petrification.
You are immune to rotting.


Message History

Aiming: Sandblast (safe; 3% risk of failure)
Press: ? - help, Shift-Dir - straight line, f - gnoll
Aim: a gnoll (almost dead)
The blast of sand hits the gnoll but does no damage.
The gnoll is almost dead.
b - 70 stones The gnoll hits you.
Casting: Sandblast (safe; 3% risk of failure)
Confirm with . or Enter, or press ? or * to list all spells.
Aiming: Sandblast (safe; 3% risk of failure)
Press: ? - help, Shift-Dir - straight line, f/p - gnoll
Aim: a gnoll (almost dead)
The blast of sand hits the gnoll.
You kill the gnoll!
b - 69 stones
Found 9 poisoned needles.
The gnoll barely misses you.
There is a stone staircase leading up here.
The gnoll hits you from afar with a +0 halberd!
You die...

##........##.#.#
#.........##.#.>
#####...#.....##.##.
#...#...#.##..#..##.
#...#...#.#...#.###.
#...#...#.#.#.#..... #######
#...#.÷.......######
.....(########...###.#.#.....#
.............gg.@....#.###.#.#
......########.....###.# <..#
..##### #...#.....# .### #.#
#####.##### .# #.# #.# #.# #.#
#.# #.# #.. #.# ...


You could see 2 gnolls.

Vanquished Creatures
  An adder (D:2)
  A gnoll (D:2)
  2 worms (D:2)
  A dart slug (D:2)
  A giant cockroach (D:1)
  2 goblins
  3 hobgoblins (D:1)
  2 jackals (D:1)
  A ball python (D:1)
  3 bats
  A frilled lizard (D:2)
  2 kobolds (D:1)
  6 rats
26 creatures vanquished.

Notes
Turn   | Place    | Note
-------+----------+-------------------------------------------
     0 | D:1      | Hylith the Gargoyle Earth Elementalist began the quest for
                  | the Orb.
     0 | D:1      | Reached XP level 1. HP: 10/10 MP: 3/3
   203 | D:1      | Reached XP level 2. HP: 8/16 MP: 5/5
   570 | D:1      | Reached skill level 4 in Earth Magic
   606 | D:1      | Reached skill level 1 in Fighting
   920 | D:2      | Reached XP level 3. HP: 8/20 MP: 3/6
  1148 | D:2      | HP: 1/20 [worm (9)]
  1707 | D:2      | Slain by a gnoll

Levels and vault maps discovered:
D:1:      minmay_arrival_semitransparent, layout_loops_cross,
          kennysheep_nondescript
D:2:      layout_basic, first_ration

Skill      XL: |  1  2 |
---------------+-------+-----
Earth Magic    | 4 |  4.3
Fighting       | 1 |  1.7
Dodging        | |  1.9
Stealth        | |  2.1
Spellcasting   | |  2.4
Transmutations | |  0.7

Action                   || total
-------------------------++-------
Melee: Whip              ||    77
       Unarmed           ||    10
 Cast: Sandblast         ||    10
 Stab: Sleeping          ||     3
  Eat: Chunk             ||     2
Armor: Robe              ||    25
Dodge: Dodged            ||    48

Table legend:
 A = Non-vault XP
 B = Vault XP
 C = Vault XP percentage of total XP
 D = Non-vault monster count
 E = Vault monster count
 F = Vault count percentage of total count
                 A         B        C        D         E       F
            +---------+---------+-------+---------+---------+-------
      Total |      72 |       0 |   0.0 |      26 |       0 |   0.0
            +---------+---------+-------+---------+---------+-------
        D:1 |      23 |       0 |   0.0 |      15 |       0 |   0.0
        D:2 |      49 |       0 |   0.0 |      11 |       0 |   0.0
            +---------+---------+-------+---------+---------+-------
